 Dungeon Crawl Stone Soup version 0.31-a0-303-gdc8c9485ea (webtiles) character file.

Game seed: 12741443635998766774

177 Sabo the Chopper (level 5, -3/42 HPs)
             Began as a Formicid Monk on July 16, 2023.
             Killed by divine providence
             ... invoked by an orc priest
              (14 damage)
             ... on level 3 of the Dungeon.
             The game lasted 00:14:26 (2661 turns).

Sabo the Chopper (Formicid Monk)                    Turns: 2661, Time: 00:14:29

Health: -3/42      AC:  8    Str: 17    XL:     5   Next: 88%
Magic:  5/5        EV:  8    Int: 10    God:
Gold:   149        SH:  0    Dex: 16    Spells: 4/4 levels left

rFire   . . .        a - +0 hand axe
rCold   . . .        d - orb {light}
rNeg    . . .        o - +0 chain mail
rPois   .            (helmet unavailable)
rElec   .            (no cloak)
rCorr   .            (no gloves)
SInv    +            (no boots)
Will    .....        (no amulet) Stlth
                     (no ring)
HPRegen 0.27/turn    (no ring)
MPRegen 0.09/turn

%: no passive effects
@: glowing
A: permanent stasis, dig shafts and tunnels, antennae 3, four strong arms
a: Dig, Shaft Self


You were on level 3 of the Dungeon.
You visited 1 branch of the dungeon, and saw 3 of its levels.

You collected 149 gold pieces.

Inventory:

Hand Weapons
 a - a +0 hand axe (weapon)
 b - a +0 sling
 g - the +1 short sword of Incongruity {flame, rN+ Will+ Dex-5}
   (You found it on level 2 of the Dungeon)

   Dex:       It affects your dexterity (-5).
   rN:        It protects you from negative energy.
   Will:      It increases your willpower.
Missiles
 j - 2 poisoned darts (quivered)
 l - 4 javelins
Armour
 d - an orb of light (worn)
 o - a +0 chain mail (worn)
Scrolls
 e - a scroll of fog {unknown}
 f - 2 scrolls of poison
 h - 2 scrolls of enchant weapon
 k - a scroll of revelation
Potions
 c - a potion of ambrosia
 i - a potion of degeneration {unknown}
 n - a potion of brilliance {unknown}


   Skills:
 + Level 3.9 Fighting
 + Level 4.7 Axes
 + Level 0.2 Throwing
 + Level 2.0 Armour
 + Level 3.2 Dodging
 + Level 1.2 Stealth


You had 4 spell levels left.
You didn't know any spells.
Your spell library contained the following spells:

 Spells                   Type           Power      Damage    Failure   Level
 Portal Projectile        Hex/Tloc       0%         N/A       100%        3
 Tukima's Dance           Hex            0%         N/A       100%        3
 Animate Dead             Necr           0%         N/A       100%        4
 Iskenderun's Mystic Bla  Conj/Tloc      0%         2d3       100%        4
 Haunt                    Necr/Summ      0%         N/A       100%        7
 Infestation              Necr           0%         N/A       100%        8


Dungeon Overview and Level Annotations

Branches:
Dungeon (3/15)

Altars:


Innate Abilities, Weirdness & Mutations

You cannot be hasted, slowed, berserked, paralysed or teleported.
You can dig through walls and to a lower floor.
You have a pair of large antennae on your head. (SInv)
Your four strong arms can wield two-handed weapons with a shield.


Message History

You kill the hobgoblin!
The orc priest hits you with a +0 flail.
You completely miss the orc priest.
The orc priest is lightly wounded.
You hit the orc priest.
The orc priest calls upon Beogh to heal the orc priest.
The orc priest's wounds heal themselves!
The orc priest hits you but does no damage.
You hit the orc priest.
The orc priest is moderately wounded.
You hit the orc priest but do no damage.
The orc priest hits you but does no damage.
The orc priest mumbles some strange prayers to Beogh against you.
Beogh smites you!
You hit the orc priest.
The orc priest is heavily wounded.
You hit the orc priest.
The orc priest hits you but does no damage.
The orc priest barely misses you.
You hit the orc priest.
The orc priest is heavily wounded.
You barely miss the orc priest. The orc priest barely misses you.
The orc priest hits you with a +0 dagger.
You hit the orc priest but do no damage.
The orc priest is heavily wounded.
You hit the endoplasm.
You hit the orc priest but do no damage.
The endoplasm freezes you.
You are frozen.
* * * LOW HITPOINT WARNING * * *
The orc priest hits you but does no damage.
The orc priest closely misses you.
You hit the orc priest but do no damage.
The orc priest is lightly wounded.
You completely miss the endoplasm. You hit the orc priest.
The endoplasm hits you.
* * * LOW HITPOINT WARNING * * *
The orc priest mumbles some strange prayers to Beogh against you.
Beogh smites you!
You die...

#.#.....#
#.#.....#
.......+
#.#....#
#.#....#
#......#
#ooJ..#
#.@..<#
#.....#
.........#
####.......
..#.......#
...#.......#
!...#.......#
....#.!.....#


You could see 2 orc priests and an endoplasm.

Vanquished Creatures
  A hound (D:2)
  Natasha (thrice) (D:2)
  An adder (D:2)
  2 dart slugs
  A worm (D:2)
  An orc (D:3)
  7 endoplasms
  2 giant cockroaches (D:1)
  6 goblins
  6 hobgoblins
  4 kobolds
  3 quokkas
  6 ball pythons
  6 bats
  2 frilled lizards (D:2)
  5 rats
56 creatures vanquished.

Notes
Turn   | Place    | Note
-------+----------+-------------------------------------------
     0 | D:1      | Sabo the Formicid Monk began the quest for the Orb.
     0 | D:1      | Reached XP level 1. HP: 18/18 MP: 1/1
   137 | D:1      | Reached XP level 2. HP: 17/24 MP: 2/2
   659 | D:1      | Found a faded altar of an unknown god.
   945 | D:1      | Reached XP level 3. HP: 23/29 MP: 3/3
  1443 | D:2      | Noticed Natasha
  1453 | D:2      | Killed Natasha
  1454 | D:2      | Reached skill level 4 in Axes
  1454 | D:2      | Reached XP level 4. HP: 24/35 MP: 4/4
  1538 | D:2      | Noticed Natasha
  1549 | D:2      | Killed Natasha
  1550 | D:2      | Reached skill level 1 in Armour
  1685 | D:2      | Identified the +1 short sword of Incongruity {flame, rN+
                  | Will+ Dex-5}
  1901 | D:2      | Noticed Natasha
  1907 | D:2      | Killed Natasha
  1908 | D:2      | Reached XP level 5. HP: 29/42 MP: 5/5
  2038 | D:2      | Reached skill level 1 in Stealth
  2661 | D:3      | Killed from afar by an orc priest

Illustrated notes

Levels and vault maps discovered:
D:1:      saegor_arrival_under_anarchy, layout_basic,
          hellmonk_ecumenical_altar_defaced_shrine, nrook_loot_triangle,
          roderic_roman_lattice
D:2:      minmay_recursive_quarters, layout_loops_ring, st_stairs_10,
          kennysheep_generic_room_6, uniq_natasha
D:3:      layout_basic, nicolae_uskayaw_en_pointe, serial_park_tiny_pond

Skill      XL: |  1  2  3  4  5 |
---------------+----------------+-----
Dodging        | 3 |  3.2
Axes           | 4 |  4.7
Armour         | 1 2 |  2.0
Stealth        | 1 |  1.2
Fighting       | |  3.9
Throwing       | |  0.2

Action                     |  1- 3 |  4- 6 || total
---------------------------+-------+-------++-------
  Melee: Hand axe          |    81 |    78 ||   159
  Throw: Dart              |       |     4 ||     4
    Use: Scroll            |     3 |     3 ||     6
 Armour: Robe              |     3 |       ||     3
         Scale mail        |    27 |    14 ||    41
         Chain mail        |       |    24 ||    24
  Dodge: Dodged            |    55 |    38 ||    93

Table legend: (Time is in decaauts)
 A = Elapsed time spent in this place.
 B = Non-inter-level travel time spent in this place.
 C = Inter-level travel time spent in this place.
 D = Time resting spent in this place.
 E = Time spent auto-exploring this place.
 F = Levels seen in this place.
 G = Mean time per level.
                   A        B        C        D        E       F      G
               +--------+--------+--------+--------+--------+-----+--------+
         Total |   2676 |   2676 |      0 |    388 |      0 |   3 |  892.0 |
       Dungeon |   2676 |   2676 |      0 |    388 |      0 |   3 |  892.0 |
               +--------+--------+--------+--------+--------+-----+--------+

Top non-repeatable levels by time:
     D:2: 1392 daAuts
     D:1: 1268 daAuts
     D:3: 15 daAuts
